[Event "Paris FIDE GP"]
[Site "Elancourt"]
[Date "2013.09.30"]
[Round "8"]
[White "Grischuk, Alexander"]
[Black "Giri, Anish"]
[Result "1-0"]
[ECO "A28"]
[WhiteElo "2785"]
[BlackElo "2737"]
[Annotator "ChessBase Website"]
[PlyCount "68"]
[EventDate "2013.09.22"]
[EventType "tourn"]
[EventRounds "11"]
[EventCountry "FRA"]
[EventCategory "20"]
[SourceTitle "CBM 157"]
[Source "ChessBase"]
[SourceDate "2013.11.12"]
[SourceVersion "1"]
[SourceVersionDate "2013.11.12"]
[SourceQuality "1"]
[TimeControl "40/7200:20/3600:900+30"]
[WhiteClock "2:00:00"]
[BlackClock "2:00:00"]

1. c4 e5 2. Nc3 Nf6 3. Nf3 Nc6 4. e3 Bb4 5. Qc2 O-O 6. Nd5 Re8 7. Qf5 d6 8. Nxf6+ Qxf6 {[%emt 0:00:12] In this somewhat strange
English opening Grischuk decided to quickly trade queens to cripple his
opponent's pawn structure. Giri seemed to have an ok position until he traded
his bishop for a knight on f3, which made his own knight on g6 much worse
because of the lack of access to e5. From then on White had a pleasant
advantage that kept growing until he reached a double rook endgame that was
clearly favorable to him. Grischuk converted with flawless technique in an
endgame that Giri had simply no activity} 9. Qxf6 gxf6 10. a3 Bc5 11. b4 Bb6 12. Bb2 a5 13.
b5 Ne7 14. d4 Ng6 15. a4 $146 (15. h3 c6 16. bxc6 bxc6 17. O-O-O Bc7 18.
Nd2 d5 19. cxd5 cxd5 20. Bb5 Re6 21. a4 Ba6 22. Bxa6 Rexa6 23. Kb1 exd4 24.
exd4 Rb8 25. Ka2 Nf4 26. Nb1 Rab6 27. Ba3 Bd6 28. Rd2 Bb4 {1/2-1/2 (28)
Gretarsson,H (2504)-Stefansson,H (2572) Reykjavik 2004}) 15... Bg4 16. O-O-O exd4 17. Bxd4 Bxd4 18. Rxd4 Bxf3 19. gxf3 b6 20. f4 Ne7 21. Bg2 Rab8 22. Bd5 Rf8 23. Rg1+ Kh8 24. Rdd1 Nxd5 25. Rxd5 Rg8 26. Rg3 Rg6 27. Rh5 Kg7 28. Kd2 (28. Rgh3
Rg1+ 29. Kb2 Rg8 30. Rxh7+ Kf8 31. Rh8 R1g2) 28... Rh8 29. Kd3 Rxg3 30. hxg3 $16 f5 31. Rxf5 h5 32. Ke4 h4 33. gxh4 Rxh4 34. Kd5 Rh1 1-0

[Event "Match/Team URS-World 20,5-19,5"]
[Site "Belgrade"]
[Date "1970.03.31"]
[Round "2.4"]
[White "Polugaevsky, Lev"]
[Black "Hort, Vlastimil"]
[Result "1/2-1/2"]
[ECO "A28"]
[WhiteElo "2640"]
[BlackElo "2610"]
[Annotator "Polugaevsky/Hort"]
[PlyCount "59"]
[EventDate "1970.03.29"]
[EventType "team"]
[EventRounds "4"]
[EventCountry "YUG"]
[SourceTitle "MCL"]
[Source "ChessBase"]
[SourceDate "1999.07.01"]
[SourceVersion "1"]
[SourceVersionDate "1999.07.01"]
[SourceQuality "1"]
[WhiteTeam "World"]
[BlackTeam "World"]
[TimeControl "40/9000:16/5400:0"]

1. c4 e5 2. Nc3 Nc6 3. Nf3 (3. g3 g6 4. Bg2 Bg7 5. Rb1 {Polugaevsky=:P}) 3...
Nf6 4. e3 (4. d4 exd4 5. Nxd4 Bb4 6. Bg5 {P}) 4... d6 (4... Be7 5. d4 exd4 6.
Nxd4 d5 {P}) (4... Bb4 $142 {Hort=:H}) 5. d4 Bg4 6. d5 Nb8 (6... Ne7 {H}) 7. e4
Be7 8. h3 Bh5 $146 {P/H} (8... Bxf3 9. Qxf3 $16 Nfd7 10. Bd3 Bg5 $6 11. Qg3 Bxc1 12. Qxg7 Bxb2 13. Qxh8+ Nf8 {Hort}) (8... Bd7 9. Be3 c5 10.
dxc6 Bxc6 11. Bd3 Nbd7 12. O-O O-O 13. b4 b6 14. Nd5 Rc8 15. Qb3 Nxd5 16. cxd5
Bb7 17. Rfc1 g6 18. Qa4 Ra8 19. Bb5 Nb8 20. Bh6 f5 21. Bxf8 Qxf8 22. Rc7 fxe4
23. Rxb7 exf3 24. Rc1 {1-0 (24) Pachman,L-Ivanco,I Bratislava 1959}) 9. Be3 a5
10. Bd3 (10. Be2 Bxf3 11. Bxf3 Nfd7 {P g5 P}) 10... Na6 11. g4 Bg6 12. Qe2 (12.
c5 $13 {H}) 12... Nd7 13. h4 h5 14. g5 Ndc5 15. Bc2 c6 16. a3 O-O 17. Nd2 cxd5
18. cxd5 Rc8 (18... Qb8 $142 {P c8 H}) 19. Rb1 $1 {P} f6 $1 {P} (19... Qd7 $2
20. b4 {H}) 20. Rg1 (20. b4 Ne6 $1 {H}) 20... Kh7 (20... fxg5 {o/o} 21. hxg5 {H
}) 21. Rg3 (21. Nf1 $142 {P g3 P P g3-f5 H}) (21. b4 axb4 22. axb4 Ne6 $1 {P})
21... Qe8 {P 22... a4 H} 22. Nc4 b5 (22... fxg5 $142 {P 23... b5! P}) 23. gxf6
$1 {P} (23. Nxa5 fxg5 (23... b4 24. Bxc5 Rxc5 25. Qxa6 bxc3 26. b4 $1 Rc7 27.
Nc6 fxg5 28. hxg5 h4 $14 {H}) 24. hxg5 b4 $1 25. Bxc5 Rxc5 26. Qxa6 bxc3 27. b4
Rc8 {P}) 23... bxc4 24. fxe7 Qxe7 25. Rg5 $2 (25. Kd2 $1 {P b1-g1/+- H} Be8 26.
Qxc4 $16 {P}) (25. Qxc4 $18 {H}) 25... Nd3+ $1 {P/H} 26. Bxd3 cxd3 27. Qxd3 Nc5
28. Bxc5 Rxc5 29. Ke2 (29. f3 $142 {Evans}) 29... Qb7 $1 {P} 30. b4 (30. b4
axb4 31. axb4 Rxc3 $5 (31... Rc7 32. Rb3 $1) 32. Qxc3 Bxe4 33. Rbg1 g6 {H})
1/2-1/2

[Event "Moscow Aeroflot op-A"]
[Site "Moscow"]
[Date "2020.02.21"]
[Round "3"]
[White "Sengupta, Deep"]
[Black "Sunilduth Lyna, Narayanan"]
[Result "0-1"]
[ECO "A28"]
[WhiteElo "2534"]
[BlackElo "2637"]
[Annotator "Sunilduth Lyna,Narayanan "]
[PlyCount "94"]
[EventDate "2020.02.19"]
[EventType "swiss"]
[EventRounds "9"]
[EventCountry "RUS"]
[SourceTitle "CBM 195 Extra"]
[Source "ChessBase"]
[SourceDate "2020.05.31"]
[SourceVersion "1"]
[SourceVersionDate "2020.05.31"]
[SourceQuality "1"]
[TimeControl "40/6000+30:20/3000+30:900+30"]

{This game was played in the third round of the same Aeroflot Open.I was up
against my compatriot Grandmaster Deep Sengupta.} 1. c4 Nf6 2. Nc3 e5 3. Nf3 Nc6 4. e3 Bb4 5. Qc2 Bxc3 6. Qxc3 Qe7 7. Be2 $5 {[%emt 0:00:04] This move indeed surprised me a bit since my
opponent hadn't played it before.} (7. d4 {is the main move}) 7... d5 8. d4 exd4 9. Nxd4 Nxd4 10. Qxd4 c5 11. Qf4 dxc4 12. Bxc4 O-O 13. b3 {[%emt 0:01:35] My opponent was still in his book whereas I was
already out, and the position doesn't seem good for Black to a stranger.} Rd8
$5 $146 {[%emt 0:25:47] An OTB novelty. I understood that 13....Be6 might have
been the move my opponent checked, and I tried to deviate a bit. Objectively I
think the move played by me is not strong, just the practical aspects make it
interesting.} (13... Be6 14. Bb2 Bxc4 15. Bxf6 Qxf6 16. Qxf6 gxf6 17. bxc4 $14
a6 18. O-O-O Rfd8 19. h4 b5 20. Kc2 Kg7 21. h5 f5 22. Rb1 b4 23. Rh4 Rd6 24.
Rd1 Rxd1 25. Kxd1 Kf6 26. Rf4 Re8 27. g4 Re5 28. Ke2 a5 29. gxf5 Kg5 30. f3
Rxf5 31. Re4 Kf6 32. Rh4 Rg5 33. Kf2 a4 34. Rh1 Rg8 35. f4 Rb8 36. Rb1 Kg7 37.
Ke2 Kh6 38. Kd3 f5 39. Kc2 Rg8 40. Rd1 Rg2+ 41. Kb1 Kxh5 42. Rd5 Kg4 43. Rxc5
h5 44. Rc8 h4 45. Rg8+ Kf3 46. Rh8 Rg4 47. c5 Kg3 48. e4 fxe4 49. f5 e3 50. Re8
Kf2 51. f6 e2 52. f7 Rf4 53. f8=Q e1=Q+ 54. Rxe1 Rxf8 55. Re7 Rg8 56. Rh7 Kg3
57. c6 h3 58. c7 h2 59. Kb2 a3+ 60. Kb3 Kg2 61. Kxb4 h1=Q 62. Rxh1 Kxh1 63.
Kxa3 Rc8 64. Kb4 Kg2 65. a4 Kf3 66. Kb5 Rxc7 67. a5 Ke4 68. Kb6 Rc1 69. a6 Ra1
70. a7 Rxa7 71. Kxa7 {1/2-1/2 (71) Inarkiev,E (2693)-Alekseenko,K (2650) Konya
TUR 2019}) 14. Bb2 Nd5 15. Qg3 {[%emt 0:03:
01] The most natural move, keeping the queen on an active square.} (15. Qe5 $5
{with the idea of transposing to the endgame is interesting:} Qxe5 16. Bxe5 Be6
{and the position is a good test for understanding since if White could
preserve both the bishops and coordinate his rooks, he would be better. But it
takes time, and in the meantime Black can try to exchange the bishop or attack
the weakness in White's position. For instance} 17. O-O f6 18. Bg3 Kf7 19. Rfc1
(19. Be2 a5 $1) 19... Rac8 20. Be2 a5 $11) 15... f6 16. O-O Be6 17. Rac1 (17. e4 $5 {
would have been logical trying to push pawns forward and open the diagonals
and files.} Nb4 18. e5 f5 19. Qc3 $1 (19. Rfd1 Bxc4 20. bxc4 Nc2 21. Rab1 Nd4
22. Bxd4 Rxd4 23. Rxd4 cxd4) (19. Rad1 Bxc4 20. bxc4 Rxd1 21. Rxd1 Rd8) 19...
Nc6 20. Rad1 Nd4 21. Bxe6+ Nxe6 22. Qf3 {and the game continues on a concrete
path with ideas like Rd6 in the air.}) 17... Rac8 18. Ba3 $2 {
[%emt 0:02:23] A strange purposeless move. This kind of move usually does no
harm, but it neither improves the position and could be a vital loss of tempo,
especially in this kind of imbalanced pawn structure.} (18. Rfd1 Nb4 19. Qg4
Bxc4 20. Qxc4+ Qf7 21. Rxd8+ Rxd8 22. Qxc5 Nxa2 23. Qa5 Qd5 24. Qxd5+ Rxd5 25.
Rc8+ Kf7 26. Bd4 $14) 18... a5 {[%emt 0:10:40] My idea is pretty much obvious,
to place the pawns on the dark squares to supplement my light-squared bishop
and restrict his bishop.} 19. Qh4 b6 20. Rfd1 Bf7 $5 (20... Rd7 21. Bb5 Rdd8 $11 {is
probably just equal but since I thought my opponent was risking much in the
long term, I decided to continue looking for chances.}) 21. Ba6 Rb8 22. Bd3 h6 23. Qg3 Nb4 $5 (23... Rd6 $5 {was the alternative I
saw.}) 24. Bxb4 $2 {[%emt 0:06:19] A terrible positional error. With this
exchange, Black succeeds in getting an ideal situation of a good vs a bad
bishop.} (24. Bb1 {seemed to me the only reasonable defence which doesn't make
any great concession concerning White's position.}) 24... axb4 25. Qf4 Qe5 $1
{[%emt 0:03:23] The simplest way to transform the advantage. In the endgames
with rooks and bishops, the weaknesses in White's position will count more!}
26. Qxe5 fxe5 27. f3 Kf8 28. Be4 Ke7 29. h4 Rxd1+ 30. Rxd1 b5 $1 {[%emt 0:00:12]
Trying to create a passer and target the weak structure on the queenside at
the same time.} 31. g4 c4 32. g5 Rb6 $17 (32... hxg5 33. hxg5 Rb6 {would also be clearly
better for Black.}) 33. Bf5 Be6 34. Bxe6 Kxe6 35. gxh6 gxh6 36. Rc1 c3 37. Kf2 Rd6 38. Rc2 e4 39. Ke2 Kf5 40. h5 Rd3 41. fxe4+ Kxe4 42. Ke1 Rxe3+ 43. Kd1 Kd3 44. Rg2 Rh3 45. Rg1 c2+ 46. Kc1 Kc3 47. Rf1 Rd3 {[%emt 0:00:11] And here my opponent resigned since he
can't really stop my idea of ...Rd1+ on the next move, transposing to a
winning pawn endgame.} 0-1